 Dungeon Crawl Stone Soup version 0.22-a0-425-g89d60a1 (webtiles) character file.

614157 Jynxie the Conqueror (level 26, -46/266 HPs)
             Began as a Minotaur Berserker on May 24, 2018.
             Was a High Priest of Trog.
             Killed from afar by an orb of fire (74 damage)
             ... with a bolt of fire
             ... on level 4 of the Realm of Zot.
             The game lasted 05:53:39 (63745 turns).

Jynxie the Conqueror (Minotaur Berserker)          Turns: 63745, Time: 05:53:39

Health: -46/266    AC: 39    Str: 31      XL:     26   Next: 32%
Magic:  28/28      EV: 24    Int:  8 (9)  God:    Trog [*****.]
Gold:   5143       SH: 33    Dex: 21      Spells: 25/25 levels left

rFire    . . .     SeeInvis .   y - +3 eveningstar (vamp) {!w}
rCold    + . .     Gourm    +   r - +5 large shield
rNeg     + . .     Faith    .   S - +8 chain mail of Patience {*Corrode +Blink rElec rC+}
rPois    +         Spirit   .   k - +2 hat
rElec    +         Reflect  .   j - +2 cloak {MR+}
rCorr    .         Harm     .   g - +0 pair of fencer's gloves {+Riposte Dex+3}
MR       +++++                  a - +5 pair of boots of Repulsion {+Inv rF- rN+ Str+6 Dex-2}
Stlth    ..........             m - amulet "Avelai" {Gourm rPois Int+3 Dex-3 Slay+5}
HPRegen  1.54/turn              N - ring of protection from fire
MPRegen  0.21/turn              l - ring of protection from magic

@: regenerating
A: retaliatory headbutt, hooves 1, horns 2, thin skeletal structure 1, clever 1,
deterioration 1, low mp 1, screaming 1, strong 1
}: 4/15 runes: serpentine, barnacled, silver, abyssal
a: Berserk, Trog's Hand, Brothers in Arms, Renounce Religion, Evoke Blink, Evoke
Invisibility


You were on level 4 of the Realm of Zot.
You worshipped Trog.
Trog was extremely pleased with you.
You were completely stuffed.

You visited 10 branches of the dungeon, and saw 52 of its levels.
You visited the Abyss 3 times.
You visited 1 bazaar.
You also visited: Labyrinth.

You collected 6699 gold pieces.
You spent 1556 gold pieces at shops.

Inventory:

Hand Weapons
 n - a +1 eveningstar of electrocution
   (You subdued it on level 2 of the Elven Halls)
 y - a +3 vampiric eveningstar (weapon) {!w}
   (You acquired it on level 2 of the Elven Halls)
Missiles
 J - 23 javelins of returning (quivered)
Armour
 a - the +5 pair of boots of Repulsion (worn) {+Inv rF- rN+ Str+6 Dex-2}
   (You found it on level 1 of the Vaults)

   It affects your strength (+6).
   It affects your dexterity (-2).
   It makes you vulnerable to fire.
   It protects you from negative energy.
   It lets you turn invisible.
 g - the +0 pair of fencer's gloves (worn) {+Riposte Dex+3}
   (You found it on level 3 of the Elven Halls)

   It affects your dexterity (+3).
 i - a +0 crystal plate armour
   (You found it on level 1 of the Dungeon)
 j - a +2 cloak of magic resistance (worn)
   (You took it off Nikola on level 4 of the Snake Pit)
 k - a +2 hat (worn)
   (You found it on level 4 of the Dungeon)
 r - a +5 large shield (worn)
   (You took it off Louise on level 15 of the Dungeon)
 s - a +2 cloak
   (You took it off a draconian shifter on level 3 of the Realm of Zot)
 L - +0 gold dragon scales
   (You found it on level 1 of the Realm of Zot)
 S - the +8 chain mail of Patience (worn) {*Corrode +Blink rElec rC+}
   (You found it in a labyrinth)

   It protects you from cold.
   It insulates you from electricity.
   It lets you blink.
   It may corrode you when you take damage.
 W - a scarf of resistance
   (You found it on level 6 of the Lair of Beasts)
Jewellery
 f - an uncursed ring of protection from cold
   (You found it on level 1 of the Realm of Zot)
 l - a ring of protection from magic (right hand)
   (You found it on level 5 of the Dungeon)
 m - the amulet "Avelai" (around neck) {Gourm rPois Int+3 Dex-3 Slay+5}
   (You took it off a yaktaur on level 2 of the Depths)

   [amulet of the gourmand]

   It allows you to eat raw meat even when not hungry.
   It affects your intelligence (+3).
   It affects your dexterity (-3).
   It affects your accuracy and damage with ranged weapons and melee attacks
   (+5).
   It protects you from poison.
 z - an uncursed ring of see invisible
   (You found it on level 3 of the Vaults)
 N - a ring of protection from fire (left hand)
   (You took it off a deep elf demonologist on level 3 of the Elven Halls)
 P - an uncursed amulet of regeneration {!d}
   (You bought it in a shop on level 10 of the Dungeon)
 Z - an uncursed ring of protection from cold
   (You found it on level 6 of the Lair of Beasts)
Wands
 d - a wand of iceblast (44)
   (You found it on level 6 of the Dungeon)
 u - a wand of paralysis (103)
   (You found it on level 5 of the Lair of Beasts)
 v - a wand of digging (64)
   (You found it on level 2 of the Dungeon)
 C - a wand of scattershot (6)
   (You found it on level 5 of the Vaults)
 E - a wand of enslavement (12)
   (You found it on level 1 of the Elven Halls)
 O - a wand of polymorph (40)
   (You took it off Maurice on level 10 of the Dungeon)
 V - a wand of clouds (16)
   (You found it on level 6 of the Lair of Beasts)
Scrolls
 b - 22 scrolls of remove curse {@r2}
 o - 10 scrolls of identify {@r1}
 p - 6 scrolls of magic mapping
 t - a scroll of vulnerability {!r}
 w - a scroll of fog
 G - 4 scrolls of fear
 K - 7 scrolls of teleportation {@r4}
 Q - a scroll of blinking
 R - 6 scrolls of silence
 U - 4 scrolls of holy word
Potions
 c - 2 potions of heal wounds {@q2}
 h - 2 potions of curing {@q1}
 q - 10 potions of flight
 A - a potion of invisibility
 H - a potion of haste {@q3}
 T - a potion of magic
Miscellaneous
 x - a fan of gales
   (You found it on level 3 of the Shoals)
 F - 2 phantom mirrors
 I - a lightning rod (4/4) {!a}
   (You found it on level 1 of the Snake Pit)
 M - a phial of floods
   (You found it on level 10 of the Dungeon)
 X - a lamp of fire
   (You found it on level 2 of the Shoals)
Comestibles
 e - 61 rations {!d}
 B - 3 chunks of flesh


   Skills:
 O Level 27 Fighting
 - Level 16.0 Maces & Flails
 - Level 16.0 Throwing
 + Level 22.1 Armour
 + Level 18.2 Dodging
 - Level 25.0 Shields
 + Level 13.7 Evocations


You had 25 spell levels left.
You didn't know any spells.
Your spell library contained the following spells:

 Spells                   Type           Power        Failure   Level  Hunger
 Magic Dart               Conj           #...         71%         1    ##.....
 Fireball                 Conj/Fire      #.........   100%        5    ######.
 Apportation              Tloc           #.....       71%         1    ##.....
 Conjure Flame            Conj/Fire      #.......     97%         3    ####...
 Bolt of Magma            Conj/Fire/Erth #.........   100%        5    ######.
 Slow                     Hex            #.......     83%         2    ###....
 Confuse                  Hex            #.......     97%         3    ####...
 Invisibility             Hex            #.......     100%        6    #######
 Throw Flame              Conj/Fire      #.....       83%         2    ###....
 Throw Frost              Conj/Ice       #.....       83%         2    ###....
 Freezing Cloud           Conj/Ice/Air   #.........   100%        6    #######
 Mephitic Cloud           Conj/Pois/Air  #.......     97%         3    ####...
 Ring of Flames           Chrm/Fire      #.........   100%        7    #######
 Venom Bolt               Conj/Pois      #.........   100%        5    ######.
 Olgreb's Toxic Radiance  Pois           #.......     100%        4    #####..
 Teleport Other           Tloc           #.......     97%         3    ####...
 Blink                    Tloc           N/A          83%         2    ###....
 Animate Dead             Necr           N/A          100%        4    #####..
 Freeze                   Ice            #...         71%         1    ##.....
 Sticky Flame             Conj/Fire      #.......     100%        4    #####..
 Summon Ice Beast         Ice/Summ       #.......     100%        4    #####..
 Ozocubu's Armour         Chrm/Ice       #.......     97%         3    ####...
 Call Imp                 Summ           #.......     83%         2    ###....
 Regeneration             Chrm/Necr      #.........   97%         3    ####...
 Sting                    Conj/Pois      #...         71%         1    ##.....
 Tukima's Dance           Hex            #.......     97%         3    ####...
 Iron Shot                Conj/Erth      #.........   100%        6    #######
 Shock                    Conj/Air       #...         71%         1    ##.....
 Swiftness                Chrm/Air       #.......     83%         2    ###....
 Recall                   Summ/Tloc      N/A          97%         3    ####...
 Statue Form              Tmut/Erth      #........    100%        6    #######
 Dragon Form              Tmut           #.........   100%        7    #######
 Death Channel            Necr           #.........   100%        6    #######
 Deflect Missiles         Chrm/Air       #.........   100%        6    #######
 Throw Icicle             Conj/Ice       #.......     100%        4    #####..
 Confusing Touch          Hex            #.....       71%         1    ##.....
 Flame Tongue             Conj/Fire      #....        71%         1    ##.....
 Passwall                 Tmut/Erth      #.........   83%         2    ###....
 Call Canine Familiar     Summ           #.......     97%         3    ####...
 Ensorcelled Hibernation  Hex/Ice        #.....       83%         2    ###....
 Metabolic Englaciation   Hex/Ice        #.........   100%        5    ######.
 Summon Butterflies       Summ           #.......     71%         1    ##.....
 Silence                  Hex/Air        #.........   100%        5    ######.
 Shatter                  Erth           #.........   100%        9    #######
 Alistair's Intoxication  Tmut/Pois      #.......     100%        5    ######.
 Lee's Rapid Deconstruct  Erth           #.........   100%        5    ######.
 Sandblast                Erth           #.....       71%         1    ##.....
 Simulacrum               Ice/Necr       #.........   100%        6    #######
 Conjure Ball Lightning   Conj/Air       #.........   100%        6    #######
 Petrify                  Tmut/Erth      #.......     100%        4    #####..
 Passage of Golubria      Tloc           N/A          100%        4    #####..
 Tornado                  Air            #.........   100%        9    #######
 Leda's Liquefaction      Hex/Erth       #.........   100%        4    #####..
 Summon Hydra             Summ           #.........   100%        7    #######
 Darkness                 Hex            #.........   100%        6    #######
 Shroud of Golubria       Chrm/Tloc      #.........   83%         2    ###....
 Inner Flame              Hex/Fire       #.......     97%         3    ####...
 Infusion                 Chrm           #...         71%         1    ##.....
 Song of Slaying          Chrm           #.......     83%         2    ###....
 Spectral Weapon          Hex/Chrm       #.......     97%         3    ####...
 Summon Lightning Spire   Summ/Air       #.......     100%        4    #####..
 Summon Mana Viper        Hex/Summ       #.......     100%        5    ######.
 Hydra Form               Tmut           #.........   100%        6    #######
 Irradiate                Conj/Tmut      #.........   100%        5    ######.
 Gell's Gravitas          Tloc           #.........   97%         3    ####...
 Yara's Violent Unravell  Hex/Tmut       #.........   100%        5    ######.
 Lesser Beckoning         Tloc           #.........   97%         3    ####...
 Poisonous Vapours        Pois/Air       #.....       83%         2    ###....
 Borgnjor's Vile Clutch   Necr/Erth      #.........   100%        5    ######.


Dungeon Overview and Level Annotations

Branches:
Dungeon (15/15)            Temple (0/1) D:7            Lair (6/6) D:11
 Shoals (4/4) Lair:4        Snake (4/4) Lair:3        Slime (4/5) Lair:6
    Orc (2/2) D:10            Elf (3/3) Orc:2        Vaults (5/5) D:14
  Crypt (0/3) Vaults:2     Depths (5/5) D:15            Zot (4/5) Depths:5

Altars:
Ashenzari
Cheibriados
Dithmenos
Elyvilon
Fedhas
Hepliaklqana
Kikubaaqudgha
Makhleb
Nemelex Xobeh
Ru
Sif Muna
Uskayaw
Wu Jian
Xom
Zin

Shops:
D:10 *   Orc:2 %[*:(   Elf:1 *   Snake:1 *   Vaults:1 (

Portals:
Hell: Depths:1 Depths:2 Depths:3 Depths:4 Depths:5
Abyss: Depths:1 Depths:3 Depths:4
Pandemonium: Orc:2 Depths:2 Depths:3
Ziggurat: Depths:2
Trove: Elf:1 (give +4 fire dragon scales)


Innate Abilities, Weirdness & Mutations

You reflexively headbutt those who attack you in melee.
You have a pair of horns on your head.
You have large cloven feet.
You have a somewhat thin skeletal structure. (Dex +2, Stealth)
Your mind is acute. (Int +2)
Your body sometimes deteriorates upon taking damage.
Your magical capacity is low. (-10% MP)
You occasionally shout uncontrollably at your foes.
Your muscles are strong. (Str +2)


Message History

You are too injured to fight recklessly!
Unknown command.
You feel much better.
The orb of fire glows red.
The bolt of fire misses you.
The black draconian shifter completely misses you.
You furiously retaliate!
You headbutt the black draconian shifter!
The green draconian monk misses you.
You block the green draconian monk's attack.
The green draconian monk barely misses you.
You block the green draconian monk's attack.
You miss the orb of fire. You headbutt the orb of fire.
The black draconian shifter casts a spell at you.
You blink.
Found a stone staircase leading up.
Your skin crawls.
You feel resistant to hostile enchantments.
You feel somewhat less full.
The orb of fire emits a lurid red light.
The fireball explodes!
The fireball engulfs you!
* * * LOW HITPOINT WARNING * * *
The black draconian shifter points at you and mumbles some strange words.
You blink.
You hear a roar!
The orb of fire glows deep purple.
Strange energies course through your body.
You feel yourself wasting away.
You shout at the green draconian!
A green draconian comes into view. It is wielding a halberd.
A red draconian comes into view. It is wielding a trident of freezing.
The orb of fire glows bright magenta.
The fireball explodes!
The fireball engulfs you!
* * * LOW HITPOINT WARNING * * *
The fireball engulfs the orb of fire.
The orb of fire completely resists.
You hear a deafening roar!
A golden dragon comes into view.
The green draconian breathes poison at you.
The blast of poison misses you.
The red draconian breathes flames at you.
The searing blast misses you.
There is a stone staircase leading up here.
The orb of fire glows deep purple.
The bolt of fire hits the orb of fire.
The orb of fire completely resists.
The bolt of fire hits you!
* * * LOW HITPOINT WARNING * * *
Your body deteriorates!
You feel dopey.
The orb of fire glows deep purple.
The bolt of fire hits you!
You die...

########################
**#.........##............
**,.......................#
**,,.......................#
*,,,......§§..*qq..........#
**,,,#.d..d§§*§#q...........#
**,,,**#...§§@###qq.........#*
**,,,,* ##..§§## ##.[.......###
**,,,,***#...§#***#......>....)[
*,,,,***#....#**#....[.#########
**,,,****....#**#.....###
*,,,,***,...#***.....#*
*,,,***,,.D#***,.....****
,,,,***,≈≈§≈,*,,....,,*,*
,,,,,*,,≈≈≈≈≈≈,,...,,,,**


You could see 2 orbs of fire, a green draconian monk, a golden dragon, a green
draconian, a red draconian and a green draconian shifter.

Vanquished Creatures
  An ancient lich (Vaults:5)
  Mara (Elf:3)
  Mennas (Depths:4)
  Boris (Depths:5)
  3 greater mummies (Depths:4)
  Margery (Depths:4)
  A Killer Klown (Zot:4)
  3 curse toes
  8 golden dragons
  Jory (Depths:4)
  2 bone dragons
  Nikola (Snake:4)
  3 electric golems
  A lich (Vaults:2)
  19 tentacled monstrosities
  4 quicksilver dragons
  Rupert (Lair:6)
  Asterion (Depths:1)
  7 titans (Vaults:5)
  A deep elf blademaster (Elf:3)
  A deep elf master archer (Elf:3)
  3 tentacled starspawn
  An Executioner (Abyss:2)
  2 krakens (Abyss:3)
  A sphinx (shapeshifter) (Depths:5)
  3 sphinxes
  Kirke (Shoals:1)
  6 death cobs
  8 tengu reavers
  11 shadow dragons
  9 draconian monks
  11 storm dragons
  Donald (Elf:1)
  Ilsuiw (Shoals:4)
  Roxanne (Snake:4)
  A revenant (Abyss:1)
  A daeva (Abyss:3)
  Agnes (Snake:4)
  7 nagarajas
  13 frost giants
  5 deep elf sorcerers
  7 fire giants
  A draconian knight (Zot:3)
  An orc warlord (Orc:1)
  An angel (Abyss:2)
  A cacodemon (Abyss:2)
  3 ghost moths (Zot:4)
  11 vault wardens
  A draconian stormcaller (Zot:1)
  A balrug (Depths:2)
  An iron dragon (Vaults:5)
  8 draconian shifters
  Louise (D:15)
  A draconian scorcher (Zot:1)
  The ghost of Jynxie the Warrior, a journeyman GrBe of Trog (Orc:1)
  6 draconian annihilators
  16 very ugly things
  15 stone giants
  13 ironheart preservers
  4 spriggan defenders
  3 war gargoyles (Vaults:5)
  3 deep elf elementalists
  The ghost of Nib the Cleaver, a journeyman HOFi of Okawaru (Lair:5)
  6 deep elf demonologists
  Nessos (D:14)
  6 green draconians
  15 black draconians
  3 vampire knights
  3 spark wasps
  A minotaur (Lab)
  Azrael (D:14)
  12 deep elf annihilators
  6 red draconians
  7 yellow draconians
  3 white draconians
  A lorocyproca (Abyss:1)
  6 purple draconians
  18 ettins
  6 merfolk javelineers
  2 mummy priests (Depths:4)
  11 fire dragons
  11 deep elf death magi
  Snorg (D:13)
  A jiangshi (Vaults:2)
  16 great orbs of eyes
  7 merfolk impalers
  4 deep elf high priests
  12 yaktaur captains
  7 ice dragons
  A quicksilver dragon skeleton (Abyss:1)
  30 vault guards
  A hell beast (Depths:5)
  5 hydras
  5 anacondas
  8 rakshasas
  7 naga warriors
  Erica (D:10)
  2 death knights
  3 merfolk avatars (Shoals:4)
  A merfolk aquamancer (Shoals:1)
  5 spriggan air magi
  5 centaur warriors
  An alligator snapping turtle (Shoals:4)
  12 ogre magi
  28 two-headed ogres
  32 dancing weapons
  A queen ant (Lair:2)
  6 orc high priests (Orc:2)
  3 tengu warriors
  8 deep troll earth magi
  3 deep troll shamans (Vaults:5)
  The ghost of anet the Thaumaturge, a novice GnWz of Ashenzari (D:9)
  3 sun demons
  4 thrashing horrors
  6 spriggan berserkers
  3 shock serpents
  Urug (D:13)
  13 naga sharpshooters
  Nergalle (D:10)
  33 deep elf knights
  A spatial maelstrom (Abyss:3)
  4 shadow wraiths
  7 wretched stars
  3 hell knights (Depths:4)
  9 skeletal warriors
  A salamander mystic (Snake:3)
  10 sea snakes
  5 glowing orange brains
  4 flayed ghosts
  6 naga ritualists
  A deep troll (shapeshifter) (Vaults:5)
  4 unseen horrors
  Pikel (D:9)
  A gelid demonspawn (Orc:2)
  4 wizards
  19 deep trolls
  11 ironbrand convokers
  19 deep elf archers
  16 harpies
  64 deep elf magi
  7 phantasmal warriors (Vaults:5)
  A shambling mangrove (Abyss:3)
  4 necromancers
  12 orc knights
  7 orc sorcerers
  5 mana vipers
  5 wolf spiders
  A shining eye (Slime:1)
  7 cyclopes
  A cyclops (shapeshifter) (Vaults:2)
  A shadow dragon skeleton (Depths:5)
  3 elephants (Lair:5)
  12 manticores
  9 merfolk sirens
  7 salamanders
  59 ugly things
  44 slime creatures
  A worldbinder (Abyss:3)
  A centaur zombie (D:14)
  14 fauns
  6 water nymphs
  Joseph (D:9)
  19 moths of wrath
  A black mamba (shapeshifter) (D:14)
  3 guardian serpents
  A rust devil (Depths:5)
  15 naga magi
  Psyche (D:9)
  25 black mambas
  14 vault sentinels
  An eye of devastation (shapeshifter) (Vaults:5)
  Maurice (D:10)
  An apocalypse crab (Abyss:2)
  4 smoke demons
  5 torpor snails
  2 torpor snails (shapeshifter)
  A gargoyle (D:12)
  25 spiny frogs
  A titan simulacrum (Depths:5)
  A minotaur zombie (Lab)
  9 large abominations
  An eye of devastation (Slime:1)
  A yaktaur (shapeshifter) (Vaults:2)
  5 freezing wraiths
  A rime drake (shapeshifter) (Vaults:2)
  11 komodo dragons
  A hellion (Depths:1)
  2 rime drakes
  An efreet (D:14)
  5 hellwings
  A komodo dragon (shapeshifter) (Depths:5)
  19 yaktaurs
  2 demonic crawlers (Abyss:3)
  7 red devils
  2 tormentors (Abyss:3)
  4 ancient zymes (Abyss:3)
  A hydra zombie (Abyss:3)
  26 merfolk
  A merfolk (shapeshifter) (Depths:1)
  A meliai (shapeshifter) (Vaults:3)
  A troll (shapeshifter) (D:15)
  6 trolls
  A jumping spider (shapeshifter) (Depths:2)
  7 wind drakes
  5 tengu conjurers
  5 tyrant leeches (Lair:6)
  2 human simulacra
  2 wind drakes (shapeshifter)
  4 hornets
  29 blink frogs
  11 raiju
  18 snapping turtles
  10 hippogriffs
  12 dream sheep
  A redback (shapeshifter) (Vaults:4)
  11 water elementals
  2 hippogriffs (shapeshifter)
  5 ynoxinuls (Abyss:3)
  4 wraiths
  2 shadows
  4 spriggans
  A fire bat (shapeshifter) (Vaults:3)
  A redback (Lab)
  5 wyverns
  3 fire elementals
  2 tarantellas (shapeshifter)
  5 hogs (Shoals:1)
  3 humans (shapeshifter)
  32 yaks
  A fire bat (Abyss:2)
  10 basilisks
  A hungry ghost (D:13)
  4 chaos spawn
  11 vampire mosquitoes
  4 neqoxecs
  17 small abominations
  Grum (D:10)
  A steam dragon (D:8)
  33 nagas
  A swamp worm (shapeshifter) (D:15)
  An acid dragon (Vaults:1)
  9 water moccasins
  4 wargs
  8 soldier ants (Lair:2)
  Duvessa (D:6)
  8 hell hounds
  10 porcupines
  A floating eye (shapeshifter) (Depths:2)
  7 ice beasts
  35 orc warriors
  4 slaves (D:9)
  2 sky beasts
  4 eyes of draining
  2 phantoms
  3 black bears
  A necrophage (D:10)
  2 ogres (shapeshifter)
  32 ogres
  7 boggarts
  7 wolves
  17 centaurs
  12 crocodiles
  34 bullfrogs
  4 big kobolds
  4 gnoll sergeants (D:10)
  3 earth elementals
  Dowan (D:6)
  3 scorpions
  A wyvern skeleton (D:14)
  9 killer bees (D:12)
  15 wights
  4 howler monkeys
  3 electric eels
  9 crimson imps
  3 bullfrog zombies
  29 starcursed masses
  6 jellies
  2 quasits (D:9)
  4 hounds
  A wyvern simulacrum (D:11)
  5 centaur skeletons
  36 orc priests
  25 orc wizards
  A gnoll shaman (D:4)
  Jessica (D:2)
  3 bullfrog skeletons
  3 polar bear simulacra (Lair:6)
  34 worker ants
  A killer bee zombie (D:8)
  3 wolf simulacra (Lair:6)
  10 gnolls
  12 adders
  A tengu simulacrum (Abyss:3)
  5 shadow imps
  6 white imps
  6 ufetubi
  An adder skeleton (D:8)
  6 worms
  14 leopard geckos
  106 orcs
  3 ball pythons
  4 giant cockroaches
  3 goblins
  13 hobgoblins
  10 jackals
  21 kobolds
  10 quokkas
  8 bats
  3 frilled lizards
  A jackal skeleton (D:4)
  A quokka skeleton (D:5)
  9 rats
  5 river rat simulacra (Lair:6)
  A lurking horror (Abyss:3)
  A plant (Lair:3)
  3 tentacles (Abyss:3)
2234 creatures vanquished.

Vanquished Creatures (collateral kills)
  Bai Suzhen (Snake:3)
  A deep elf master archer (Elf:3)
  The ghost of galech the Warrior, an adept OgBe of Trog (Depths:1)
  A tentacled starspawn (Abyss:3)
  A shadow dragon (Zot:1)
  A deep elf sorcerer (Elf:3)
  A fire giant (Depths:5)
  A very ugly thing (Depths:2)
  2 deep elf demonologists (Elf:3)
  A deep elf annihilator (Elf:3)
  4 naga warriors (Snake:4)
  A merfolk aquamancer (Shoals:4)
  A tengu warrior (Depths:1)
  5 naga sharpshooters
  2 hell knights (Depths:4)
  A fire crab (Abyss:3)
  A naga ritualist (Snake:4)
  A deep elf archer (Elf:3)
  An ugly thing (Vaults:1)
  A deep elf mage (Vaults:3)
  A mana viper (Snake:3)
  2 salamanders (Snake:4)
  2 black mambas (Snake:3)
  An apocalypse crab (Abyss:3)
  4 naga magi (Snake:4)
  A guardian serpent (shapeshifter) (Depths:1)
  A tormentor (Abyss:3)
  2 large abominations (Abyss:3)
  A water elemental (Shoals:4)
  3 nagas (Snake:4)
  A soldier ant (Lair:2)
  A worker ant (Lair:2)
  A starspawn tentacle (Abyss:3)
50 creatures vanquished.

Vanquished Creatures (others)
  A deep elf knight (Vaults:4)
  A naga ritualist (Snake:3)
  A deep troll (shapeshifter) (Vaults:5)
  A naga mage (Snake:4)
  A vault sentinel (Vaults:2)
  A water elemental (Depths:5)
  A human (Shoals:1)
  A golden eye (Abyss:3)
  A wolf (D:10)
  A boggart (Vaults:3)
  A human simulacrum (Vaults:4)
  16 fungi
  70 plants
  27 starspawn tentacles
  20 tentacles (Abyss:3)
144 creatures vanquished.

Grand Total: 2428 creatures vanquished

Notes
Turn   | Place    | Note
-------+----------+-------------------------------------------
     0 | D:1      | Jynxie the Minotaur Berserker began the quest for the Orb.
     0 | D:1      | Reached XP level 1. HP: 19/19 MP: 0/0
   404 | D:1      | Reached XP level 2. HP: 27/27 MP: 1/1
   656 | D:1      | Reached skill level 4 in Fighting
  1228 | D:2      | Reached XP level 3. HP: 33/33 MP: 2/2
  1378 | D:2      | Reached skill level 5 in Maces & Flails
  1384 | D:2      | Noticed Jessica
  1389 | D:2      | Reached ** piety under Trog
  1392 | D:2      | Killed Jessica
  1392 | D:2      | Reached XP level 4. HP: 29/41 MP: 3/3
  1397 | D:2      | Identified Jessica's Volume of Malediction
  1673 | D:2      | Found a sparkling altar of Nemelex Xobeh.
  2092 | D:3      | Noticed a bullfrog
  2099 | D:3      | Killed a bullfrog
  2099 | D:3      | Reached skill level 5 in Fighting
  2099 | D:3      | Reached skill level 1 in Throwing
  2099 | D:3      | Reached XP level 5. HP: 48/48 MP: 4/4
  2706 | D:4      | Reached XP level 6. HP: 54/56 MP: 5/5
  2738 | D:4      | Found a hazy altar of Hepliaklqana.
  2739 | D:4      | Found a shimmering altar of Xom.
  2739 | D:4      | Noticed a yak
  2740 | D:4      | Noticed a spectral ugly thing
  2740 | D:4      | Noticed a yak
  2888 | D:4      | Found a shadowy altar of Dithmenos.
  2891 | D:4      | Found a sacrificial altar of Ru.
  3096 | D:4      | Found a hide-covered altar of Uskayaw.
  3099 | D:4      | Found an ornate altar of the Wu Jian Council.
  3206 | D:4      | Reached *** piety under Trog
  3502 | D:4      | Found an ancient bone altar of Kikubaaqudgha.
  3665 | D:5      | Entered Level 5 of the Dungeon
  3672 | D:4      | Reached XP level 7. HP: 60/62 MP: 6/6
  3753 | D:5      | Reached skill level 6 in Fighting
  3996 | D:5      | Found a sacrificial altar of Ru.
  4332 | D:6      | Noticed a troll
  4341 | D:6      | Killed a troll
  4341 | D:6      | Reached skill level 7 in Fighting
  4341 | D:6      | Reached XP level 8. HP: 51/73 MP: 7/7
  4500 | D:6      | Noticed Dowan
  4501 | D:6      | Noticed Duvessa
  4507 | D:6      | Killed Duvessa
  4510 | D:6      | Killed Dowan
  4635 | D:6      | Reached **** piety under Trog
  4645 | D:6      | Found a burning altar of Makhleb.
  4648 | D:6      | Noticed a blizzard demon
  4650 | D:6      | Found a glowing silver altar of Zin.
  4651 | D:6      | Noticed an angel
  4680 | D:6      | Reached skill level 10 in Maces & Flails
  4693 | D:6      | Reached skill level 5 in Throwing
  4798 | D:6      | Found a blossoming altar of Fedhas.
  4883 | D:7      | Found a shattered altar of Ashenzari.
  4884 | D:7      | Found a staircase to the Ecumenical Temple.
  5055 | D:7      | Reached skill level 8 in Fighting
  5147 | D:7      | Reached XP level 9. HP: 76/81 MP: 8/8
  5205 | D:7      | Found a shadowy altar of Dithmenos.
  5383 | D:7      | Found a deep blue altar of Sif Muna.
  5504 | D:8      | Received a gift from Trog
  5758 | D:8      | HP: 2/82 [orc warrior/halberd (18)]
  5881 | D:8      | Reached skill level 9 in Fighting
  6056 | D:8      | Received a gift from Trog
  6244 | D:8      | Got a bloodstained leather armour
  6255 | D:8      | Identified the cursed +1 leather armour of New Discoveries {rElec Str-2 Int+3 Dex+4} (You found it on level 8 of the Dungeon)
  6620 | D:9      | Reached XP level 10. HP: 91/91 MP: 9/9
  6743 | D:9      | Noticed anet's ghost (novice GnWz)
  6786 | D:9      | Killed anet's ghost
  7192 | D:9      | Noticed Psyche
  7201 | D:9      | Killed Psyche
  7201 | D:9      | Reached skill level 10 in Fighting
  7386 | D:9      | Noticed Joseph
  7386 | D:9      | Noticed Pikel
  7405 | D:9      | Killed Pikel
  7411 | D:9      | Killed Joseph
  7418 | D:9      | Reached ***** piety under Trog
  7797 | D:10     | Entered Level 10 of the Dungeon
  7800 | D:10     | Noticed a guardian serpent
  8102 | D:10     | Killed a guardian serpent
  8174 | D:10     | Received a gift from Trog
  8191 | D:10     | Found a staircase to the Orcish Mines.
  8215 | D:10     | Received a gift from Trog
  8243 | D:10     | Reached XP level 11. HP: 59/101 MP: 10/10
  8687 | D:10     | Noticed Maurice
  8701 | D:10     | Killed Maurice
  8701 | D:10     | Reached skill level 1 in Shields
  8728 | D:10     | Noticed Nergalle
  8741 | D:10     | Killed Nergalle
  8741 | D:10     | Reached skill level 11 in Fighting
  8879 | D:10     | Found Pyci Pen's General Store.
  8882 | D:10     | Bought an uncursed amulet of regeneration for 420 gold pieces
  8943 | D:10     | Bought a scroll of magic mapping for 49 gold pieces
  9019 | D:10     | Noticed Erica
  9040 | D:10     | Noticed Grum
  9254 | D:10     | Killed Grum
  9266 | D:10     | Killed Erica
  9642 | D:11     | Found a staircase to the Lair.
  9647 | D:11     | Reached skill level 15 in Maces & Flails
 10010 | D:11     | Received a gift from Trog
 10192 | D:11     | Noticed a two-headed ogre
 10198 | D:11     | Killed a two-headed ogre
 10286 | Lair:1   | Entered Level 1 of the Lair of Beasts
 10722 | Lair:1   | Reached skill level 5 in Shields
 10740 | Lair:1   | Reached XP level 12. HP: 102/112 MP: 11/11
 10828 | Lair:1   | Received a gift from Trog
 10847 | Lair:1   | Reached skill level 12 in Fighting
 10945 | Lair:1   | Got a faintly humming scale mail
 11674 | Lair:2   | Received a gift from Trog
 11696 | Lair:2   | Noticed a queen ant
 11717 | Lair:2   | Killed a queen ant
 11897 | Lair:2   | Reached skill level 10 in Throwing
 12599 | Lair:3   | Found a staircase to the Snake Pit.
 12706 | Lair:3   | Reached skill level 5 in Armour
 12706 | Lair:3   | Noticed a five-headed hydra
 12713 | Lair:3   | Killed a five-headed hydra
 12827 | Lair:3   | Reached ****** piety under Trog
 12835 | Lair:3   | Reached skill level 13 in Fighting
 13522 | Lair:4   | Got an ichor-stained leather armour
 13622 | Lair:4   | Received a gift from Trog
 13711 | Lair:4   | Reached XP level 13. HP: 122/122 MP: 12/12
 13793 | Lair:4   | Found a staircase to the Shoals.
 14292 | Lair:5   | Noticed Nib's ghost (journeyman HOFi)
 14312 | Lair:5   | Killed Nib's ghost
 14709 | Lair:5   | Found a runed door.
 15224 | Lair:6   | Entered Level 6 of the Lair of Beasts
 15252 | Lair:6   | Noticed Rupert
 15266 | Lair:6   | Killed Rupert
 15308 | Lair:6   | Reached skill level 14 in Fighting
 15403 | Lair:6   | Reached skill level 10 in Shields
 15762 | Lair:6   | Reached XP level 14. HP: 128/133 MP: 13/13
 16032 | Lair:6   | Received a gift from Trog
 16209 | Lair:6   | Found a staircase to the Slime Pits.
 16800 | D:12     | Received a gift from Trog
 16845 | D:12     | Found a labyrinth entrance.
 16855 | Lab      | Entered a labyrinth
 17479 | Lab      | Reached skill level 10 in Armour
 17491 | Lab      | Got an ancient silver ring
 17505 | Lab      | Identified the ring "Binue" {rPois Int+6} (You found it in a labyrinth)
 17519 | Lab      | Identified the +5 scale mail of Understanding {Stlth+} (You found it on level 1 of the Lair of Beasts)
 17530 | Lab      | Identified the cursed +1 leather armour "Hialischy" {MP+9 SInv} (You found it on level 4 of the Lair of Beasts)
 17556 | Lab      | Got a transparent chain mail
 17572 | Lab      | Identified the +8 chain mail of Patience {*Corrode +Blink rElec rC+} (You found it in a labyrinth)
 17734 | D:12     | Identified the Guide on the Aerial Mountains
 18318 | Orc:1    | Entered Level 1 of the Orcish Mines
 18318 | Orc:1    | Noticed Jynxie's ghost (journeyman GrBe)
 18357 | Orc:1    | Killed Jynxie's ghost
 18357 | Orc:1    | Reached skill level 15 in Fighting
 18625 | Orc:1    | Noticed an orc warlord
 18675 | Orc:1    | Killed an orc warlord
 18675 | Orc:1    | Reached skill level 1 in Evocations
 18989 | Orc:2    | Entered Level 2 of the Orcish Mines
 18993 | Orc:2    | Found a staircase to the Elven Halls.
 19000 | Orc:2    | Received a gift from Trog
 19085 | Orc:2    | Found Deadgh's Food Emporium.
 19086 | Orc:2    | Found Inisuiqi's General Store.
 19113 | Orc:2    | Received a gift from Trog
 19166 | Orc:2    | Bought a potion of heal wounds for 70 gold pieces
 19166 | Orc:2    | Bought a potion of curing for 42 gold pieces
 19219 | Orc:2    | Received a gift from Trog
 19310 | Orc:2    | Found Yxutus's Antique Weapon Emporium.
 20090 | Orc:2    | Found Udemp's Book Boutique.
 20090 | Orc:2    | Found Azijiry's Antique Armour Shop.
 20094 | Orc:2    | Reached XP level 15. HP: 135/141 MP: 16/16
 20095 | Orc:2    | Found a one-way gate leading to the halls of Pandemonium.
 20252 | D:13     | Noticed Snorg
 20261 | D:13     | Killed Snorg
 20340 | D:13     | Noticed Urug
 20348 | D:13     | Killed Urug
 20443 | D:13     | Received a gift from Trog
 20468 | D:13     | Found a runed door.
 21721 | D:14     | Noticed Azrael
 21743 | D:14     | Killed Azrael
 21935 | D:14     | Received a gift from Trog
 21948 | D:14     | Found a gate to the Vaults.
 21986 | D:14     | Noticed Nessos
 21990 | D:14     | Killed Nessos
 22238 | D:14     | Reached skill level 16 in Fighting
 22396 | D:15     | Entered Level 15 of the Dungeon
 22567 | D:15     | Reached skill level 5 in Evocations
 22937 | D:15     | Noticed Louise
 22944 | D:15     | Cast into level 3 of the Abyss (Louise)
 22944 | Abyss:3  | Found a corrupted altar of Lugonu.
 23040 | Abyss:3  | Noticed a tentacled starspawn
 23225 | Abyss:3  | Lost intelligence.
 23510 | D:15     | Escaped the Abyss
 23521 | D:15     | Killed Louise
 23985 | D:15     | Received a gift from Trog
 24007 | D:15     | Reached XP level 16. HP: 152/152 MP: 19/19
 24008 | D:15     | Found a staircase to the Depths.
 24110 | D:15     | Identified a scroll of acquirement
 24650 | Snake:1  | Entered Level 1 of the Snake Pit
 25321 | Snake:1  | Found Myrero's Merry Market.
 26183 | Snake:2  | Received a gift from Trog
 26776 | Snake:3  | Received a gift from Trog
 26784 | Snake:3  | Reached skill level 17 in Fighting
 26949 | Snake:3  | Reached skill level 5 in Dodging
 26985 | Snake:3  | Noticed Bai Suzhen
 27034 | Snake:3  | Received a gift from Trog
 27043 | Snake:3  | Killed Bai Suzhen
 27949 | Snake:4  | Entered Level 4 of the Snake Pit
 28042 | Snake:4  | Noticed Nikola
 28063 | Snake:4  | Killed Nikola
 28111 | Snake:4  | Received a gift from Trog
 28208 | Snake:4  | Noticed Agnes
 28216 | Snake:4  | Killed Agnes
 28216 | Snake:4  | Reached XP level 17. HP: 161/161 MP: 20/20
 28289 | Snake:4  | Received a gift from Trog
 28618 | Snake:4  | Noticed Roxanne
 28832 | Snake:4  | Got a serpentine rune of Zot
 28979 | Snake:4  | Killed Roxanne
 29142 | Shoals:1 | Entered Level 1 of the Shoals
 29288 | Shoals:1 | Noticed Kirke
 29315 | Shoals:1 | Killed Kirke
 29396 | Shoals:1 | Received a gift from Trog
 29509 | Shoals:1 | Reached skill level 15 in Shields
 30021 | Shoals:2 | Received a gift from Trog
 30271 | Shoals:2 | Reached skill level 15 in Throwing
 31140 | Shoals:3 | Reached skill level 18 in Fighting
 31529 | Shoals:3 | Received a gift from Trog
 31679 | Shoals:4 | Entered Level 4 of the Shoals
 31742 | Shoals:4 | Noticed Ilsuiw
 32098 | Shoals:4 | Reached skill level 15 in Armour
 32111 | Shoals:4 | Reached XP level 18. HP: 169/172 MP: 21/21
 32338 | Shoals:4 | Killed Ilsuiw
 32494 | Shoals:4 | Received a gift from Trog
 33349 | Shoals:4 | Got a barnacled rune of Zot
 33810 | Vaults:1 | Entered Level 1 of the Vaults
 34115 | Vaults:1 | Received a gift from Trog
 34278 | Vaults:1 | Received a gift from Trog
 34674 | Vaults:1 | Found Necwued's Weapon Shop.
 34887 | Vaults:1 | Received a gift from Trog
 34936 | Vaults:1 | Got a pair of pitted boots
 34947 | Vaults:1 | Identified the +5 pair of boots of Repulsion {+Inv rF- rN+ Str+6 Dex-2} (You found it on level 1 of the Vaults)
 35631 | Vaults:2 | Reached skill level 10 in Dodging
 36471 | Vaults:2 | Received a gift from Trog
 36489 | Vaults:2 | Reached XP level 19. HP: 136/181 MP: 22/22
 36495 | Vaults:2 | Reached skill level 19 in Fighting
 36563 | Vaults:2 | Found a staircase to the Crypt.
 36662 | Vaults:2 | Received a gift from Trog
 36778 | Vaults:2 | Received a gift from Trog
 36846 | Vaults:2 | Cast into level 2 of the Abyss (a deep elf demonologist)
 37039 | Abyss:2  | Lost intelligence.
 37087 | Abyss:2  | Received a gift from Trog
 37193 | Abyss:2  | Noticed a hellephant
 37202 | Abyss:2  | Paralysed by accursed screaming for 1 turns
 37212 | Vaults:2 | Escaped the Abyss
 37215 | Vaults:2 | Noticed a Brimstone Fiend
 37222 | Vaults:2 | HP: 3/146 [Brimstone Fiend/damnation[an ironheart preserver] (47)]
 37296 | Vaults:2 | Noticed a lich
 37297 | Vaults:2 | Paralysed by a lich for 7 turns
 37310 | Vaults:2 | Killed a lich
 38293 | Vaults:3 | Found a flickering gateway to a bazaar.
 38303 | Bazaar   | Entered a bazaar
 38305 | Bazaar   | Found Geruocig's Magic Scroll Shoppe.
 38313 | Bazaar   | Bought a scroll of brand weapon for 240 gold pieces
 38326 | Bazaar   | Found Roproll's Jewellery Emporium.
 38345 | Bazaar   | Found Cuontehi's Distillery.
 38345 | Bazaar   | Found Juddirche's Weapon Boutique.
 38360 | Bazaar   | Bought a potion of haste for 150 gold pieces
 38360 | Bazaar   | Bought a potion of curing for 45 gold pieces
 38360 | Bazaar   | Bought a potion of heal wounds for 75 gold pieces
 38360 | Bazaar   | Bought a potion of heal wounds for 75 gold pieces
 38360 | Bazaar   | Bought a potion of curing for 45 gold pieces
 38360 | Bazaar   | Bought 2 potions of haste for 300 gold pieces
 38360 | Bazaar   | Bought a potion of curing for 45 gold pieces
 38416 | Vaults:3 | Received a gift from Trog
 38731 | Vaults:3 | Received a gift from Trog
 39606 | Vaults:4 | Reached XP level 20. HP: 174/193 MP: 23/23
 39851 | Vaults:4 | Reached skill level 20 in Fighting
 39854 | Vaults:4 | Received a gift from Trog
 40759 | Elf:1    | Entered Level 1 of the Elven Halls
 40814 | Elf:1    | Received a gift from Trog
 40814 | Elf:1    | Gained mutation: You are partially covered in iridescent scales. (AC +2) [a neqoxec]
 40919 | Elf:1    | Found Ygeraez's General Store.
 40930 | Elf:1    | Noticed Donald
 40937 | Elf:1    | Killed Donald
 41177 | Elf:1    | Received a gift from Trog
 41697 | Elf:1    | Received a gift from Trog
 41742 | Elf:1    | Found a portal to a secret trove of treasure.
 42612 | Elf:2    | Received a gift from Trog
 42716 | Elf:2    | Received a gift from Trog
 43452 | Elf:2    | Found a runed gate.
 43453 | Elf:2    | Found a runed gate.
 43456 | Elf:2    | Found a runed gate.
 43629 | Elf:2    | Received a gift from Trog
 43840 | Elf:2    | Reached XP level 21. HP: 122/202 MP: 26/26
 44101 | Elf:3    | Entered Level 3 of the Elven Halls
 44155 | Elf:3    | Noticed Mara
 44179 | Elf:3    | Killed Mara
 44369 | Elf:3    | Received a gift from Trog
 44956 | Elf:3    | Reached skill level 21 in Fighting
 45061 | Elf:3    | Found a deep blue altar of Sif Muna.
 45338 | Elf:3    | Got a brightly glowing tin ring
 45387 | Elf:3    | Identified the ring "Moru" {rN+ Dex+2} (You took it off a deep elf high priest on level 3 of the Elven Halls)
 45425 | Elf:3    | Got a flickering ruby amulet
 45469 | Elf:3    | Found the +0 pair of fencer's gloves {+Riposte Dex+3}
 46025 | D:15     | Identified the amulet "Xanysch Waele" {Gourm rElec Dex+2} (You took it off a deep elf annihilator on level 3 of the Elven Halls)
 46031 | Depths:1 | Entered Level 1 of the Depths
 46099 | Depths:1 | Noticed Asterion
 46120 | Depths:1 | Killed Asterion
 46227 | Depths:1 | Received a gift from Trog
 46244 | Depths:1 | Noticed galech's ghost (adept OgBe)
 46265 | Depths:1 | Killed galech's ghost
 46296 | Depths:1 | Found a gateway to Hell.
 46841 | Depths:1 | Received a gift from Trog
 46863 | Depths:1 | Reached skill level 10 in Evocations
 47005 | Depths:1 | Found a one-way gate to the infinite horrors of the Abyss.
 47280 | Depths:2 | Reached XP level 22. HP: 213/213 MP: 28/28
 47809 | Depths:2 | Reached skill level 15 in Dodging
 47837 | Depths:2 | Received a gift from Trog
 47952 | Depths:2 | Found a gateway to a ziggurat.
 48215 | Depths:2 | Received a gift from Trog
 48425 | Depths:2 | Received a gift from Trog
 48488 | Depths:2 | Found a snail-covered altar of Cheibriados.
 48644 | Depths:2 | Got a shimmering silver amulet
 48653 | Depths:2 | Found a snail-covered altar of Cheibriados.
 48714 | Depths:2 | Identified the amulet "Avelai" {Gourm rPois Int+3 Dex-3 Slay+5} (You took it off a yaktaur on level 2 of the Depths)
 49146 | Depths:3 | Received a gift from Trog
 49397 | Depths:3 | Got a smoking scale mail
 49408 | Depths:3 | Identified the +6 scale mail of Gozag's Pride {Dex+3} (You found it on level 3 of the Depths)
 49819 | Depths:4 | Noticed Mennas
 49856 | Depths:4 | Noticed Margery
 49861 | Depths:4 | Killed Mennas
 49861 | Depths:4 | Reached skill level 22 in Fighting
 49874 | Depths:4 | Noticed Jory
 50043 | Depths:4 | Killed Margery
 50051 | Depths:4 | Received a gift from Trog
 50093 | Depths:4 | Killed Jory
 50672 | Depths:4 | Noticed a greater mummy
 50683 | Depths:4 | Killed a greater mummy
 50683 | Depths:4 | Reached XP level 23. HP: 127/223 MP: 30/30
 50691 | Depths:4 | Noticed a greater mummy
 51034 | Depths:4 | Noticed a greater mummy
 51043 | Depths:4 | Killed a greater mummy
 51056 | Depths:4 | Found the +7 sceptre of Torment
 51136 | Depths:4 | Killed a greater mummy
 51400 | Depths:5 | Entered Level 5 of the Depths
 51590 | Depths:5 | Received a gift from Trog
 52138 | Depths:5 | Received a gift from Trog
 52710 | Depths:5 | Noticed Boris
 52725 | Depths:5 | Killed Boris
 52725 | Depths:5 | Received a gift from Trog
 52725 | Depths:5 | Reached skill level 23 in Fighting
 52731 | Depths:5 | Found a white marble altar of Elyvilon.
 52858 | Depths:5 | Found a gate to the Realm of Zot.
 53272 | Vaults:5 | Entered Level 5 of the Vaults
 53578 | Vaults:5 | Received a gift from Trog
 53843 | Vaults:5 | Reached XP level 24. HP: 193/236 MP: 31/31
 53991 | Vaults:5 | Got an encrusted flail
 53992 | Vaults:5 | Identified the +3 flail of Nituitt {distort, -Tele rC++ Dex+3} (You found it on level 5 of the Vaults)
 54124 | Vaults:5 | Received a gift from Trog
 54217 | Vaults:5 | Got a crystal lajatang
 54228 | Vaults:5 | Identified the +4 lajatang of Classification {venom, rElec rF+} (You found it on level 5 of the Vaults)
 54414 | Vaults:5 | Got a steaming robe
 54446 | Vaults:5 | Identified the +2 robe "Ivier" {*Slow rN+++ Str+2 Stlth+} (You found it on level 5 of the Vaults)
 54484 | Vaults:5 | Got a silver rune of Zot
 54679 | Vaults:5 | Reached skill level 24 in Fighting
 54831 | Vaults:5 | Noticed an ancient lich
 54841 | Vaults:5 | Killed an ancient lich
 56119 | Depths:1 | Voluntarily entered the Abyss.
 56129 | Abyss:1  | Paralysed by accursed screaming for 1 turns
 56214 | Abyss:1  | Received a gift from Trog
 56398 | Abyss:3  | Found a corrupted altar of Lugonu.
 56486 | Abyss:3  | Found a shimmering altar of Xom.
 56788 | Abyss:3  | Received a gift from Trog
 56954 | Abyss:3  | Received a gift from Trog
 57089 | Abyss:3  | Got an abyssal rune of Zot
 57139 | Abyss:3  | Received a gift from Trog
 57189 | Abyss:3  | Received a gift from Trog
 57236 | Abyss:3  | Gained mutation: You are dopey. (Int -2) [mutagenic glow]
 57249 | Depths:1 | Escaped the Abyss
 57287 | D:15     | Gained mutation: You are very dopey. (Int -4) [mutagenic glow]
 57334 | D:13     | Gained mutation: You occasionally shout uncontrollably at your foes. [mutagenic glow]
 57604 | Slime:1  | Entered Level 1 of the Pits of Slime
 57631 | Slime:1  | Gained mutation: You are frail. (-10% HP) [a shining eye]
 57637 | Slime:1  | Gained mutation: You sometimes yell uncontrollably at your foes. [a shining eye]
 57639 | Slime:1  | Gained mutation: You are weak. (Str -2) [a shining eye]
 57672 | Slime:2  | Gained mutation: Armour fits poorly on your strangely shaped body. [a shining eye]
 57676 | Slime:2  | Gained mutation: You are very weak. (Str -4) [a shining eye]
 57680 | Slime:2  | Gained mutation: Your spells are a little easier to cast, but a little less powerful. [a shining eye]
 58072 | Lair:6   | Lost mutation: You are very dopey. (Int -4) [potion of mutation]
 58072 | Lair:6   | Lost mutation: You are dopey. (Int -2) [potion of mutation]
 58072 | Lair:6   | Gained mutation: You have sharp toenails. [potion of mutation]
 58073 | Lair:6   | Lost mutation: You are frail. (-10% HP) [potion of mutation]
 58073 | Lair:6   | Lost mutation: You are very weak. (Str -4) [potion of mutation]
 58073 | Lair:6   | Lost mutation: You have sharp toenails. [potion of mutation]
 58073 | Lair:6   | Gained mutation: Your spells are easier to cast, but less powerful. [potion of mutation]
 58073 | Lair:6   | Gained mutation: Your magical capacity is low. (-10% MP) [potion of mutation]
 58073 | Lair:6   | Gained mutation: You have sharp toenails. [potion of mutation]
 58074 | Lair:6   | Lost mutation: You are weak. (Str -2) [potion of mutation]
 58074 | Lair:6   | Lost mutation: Your magical capacity is low. (-10% MP) [potion of mutation]
 58074 | Lair:6   | Gained mutation: You are resistant to hostile enchantments. (MR+) [potion of mutation]
 58075 | Lair:6   | Lost mutation: You have sharp toenails. [potion of mutation]
 58075 | Lair:6   | Lost mutation: Your spells are easier to cast, but less powerful. [potion of mutation]
 58075 | Lair:6   | Lost mutation: You sometimes yell uncontrollably at your foes. [potion of mutation]
 58075 | Lair:6   | Gained mutation: Your muscles are strong. (Str +2) [potion of mutation]
 58076 | Lair:6   | Lost mutation: You are partially covered in iridescent scales. (AC +2) [potion of mutation]
 58076 | Lair:6   | Lost mutation: Your spells are a little easier to cast, but a little less powerful. [potion of mutation]
 58076 | Lair:6   | Gained mutation: You are frail. (-10% HP) [potion of mutation]
 58076 | Lair:6   | Gained mutation: You possess an exceptional clarity of mind. [potion of mutation]
 58076 | Lair:6   | Gained mutation: You have large cloven feet. [potion of mutation]
 58076 | Lair:6   | Gained mutation: You have a somewhat thin skeletal structure. (Dex +2, Stealth) [potion of mutation]
 58077 | Lair:6   | Lost mutation: You are frail. (-10% HP) [potion of mutation]
 58077 | Lair:6   | Lost mutation: You possess an exceptional clarity of mind. [potion of mutation]
 58077 | Lair:6   | Gained mutation: Your spells are a little easier to cast, but a little less powerful. [potion of mutation]
 58077 | Lair:6   | Lost mutation: You are resistant to hostile enchantments. (MR+) [potion of mutation]
 58077 | Lair:6   | Gained mutation: You are somewhat resistant to further mutation. [potion of mutation]
 58078 | Lair:6   | Lost mutation: Your spells are a little easier to cast, but a little less powerful. [potion of mutation]
 58078 | Lair:6   | Lost mutation: You are somewhat resistant to further mutation. [potion of mutation]
 58078 | Lair:6   | Lost mutation: Armour fits poorly on your strangely shaped body. [potion of mutation]
 58078 | Lair:6   | Gained mutation: Your magical capacity is low. (-10% MP) [potion of mutation]
 58078 | Lair:6   | Gained mutation: Your mind is acute. (Int +2) [potion of mutation]
 58521 | Zot:1    | Entered Level 1 of the Realm of Zot
 58575 | Zot:1    | Received a gift from Trog
 58590 | Zot:1    | Reached XP level 25. HP: 242/247 MP: 28/28
 59929 | Zot:1    | Reached skill level 25 in Fighting
 60525 | Zot:2    | Got a slimy buckler
 60539 | Zot:2    | Identified the cursed +0 buckler "Put-Me-On" {rC++ rN+ Dex-4} (You found it on level 2 of the Realm of Zot)
 61546 | Zot:3    | Received a gift from Trog
 61703 | Zot:3    | Received a gift from Trog
 62240 | Zot:3    | Reached skill level 26 in Fighting
 62820 | Zot:4    | Received a gift from Trog
 62848 | Zot:4    | Reached XP level 26. HP: 125/264 MP: 5/28
 63380 | Zot:4    | Reached skill level 27 in Fighting
 63723 | Zot:4    | Noticed an orb of fire
 63724 | Zot:4    | Noticed an orb of fire
 63739 | Zot:4    | Gained mutation: Your body sometimes deteriorates upon taking damage. [an orb of fire]
 63745 | Zot:4    | Killed from afar by an orb of fire

Vault maps used:
D:1:      dpeg_arrival_concentric_ovals
D:2:      nemelex_xobeh_ov_fountains_minmay, first_ration,
          kennysheep_jessica_study
D:4:      regret_index_temple_of_mockery, kiku_gazebo_pond_becter,
          grunt_temple_overflow_cloverleaf
D:5:      hangedman_ru_absence
D:6:      grunt_temple_overflow_order_and_chaos_2, fedhas_altar_fruit_tree,
          uniq_duvessa
D:7:      lemuel_coloured_pillars_altar, cheibrodos_ashenzari_chains,
          temple_fountains, basic_altar
D:8:      the_bakery, lightli_minifort
D:9:      uniq_joseph, uniq_pikel, uniq_psyche
D:10:     kennysheep_orc_monster_closet_entryway, serial_shops,
          nicolae_shop_window_shopping, nrook_guardian_serpent_double,
          uniq_grum, uniq_nergalle, uniq_maurice, uniq_erica
D:11:     lair_entry_dummy, serial_ice, serial_ice_o, serial_ice_l,
          serial_ice_a, serial_ice_m, serial_ice_n
D:12:     lab_entry_generic
D:13:     lightli_airlock, uniq_urug, uniq_snorg
D:14:     david_vaults_5, minmay_misc_feat_columns, serial_bayou_lagoon_a,
          uniq_azrael, uniq_nessos
D:15:     gammafunk_enter_depths_forms, serial_bayou_pond_e, uniq_louise
Lair:1:   serial_bayou_shore_b
Lair:2:   minmay_another_anthill, infiniplex_staircase_pool_2
Lair:3:   minmay_lair_venomous_thicket, minmay_snake_entry_guardpost_small
Lair:4:   minmay_shoals_entry_centaurs, lemuel_fruit_tree
Lair:5:   pf_torpor_hydra
Lair:6:   minmay_lair_end_frog_pond, dpeg_slime_entry_corner,
          serial_bayou_pond_d, eino_house_with_fridge, uniq_rupert
Shoals:1: nicolae_shoals_water_elemental_grotto, uniq_kirke
Shoals:2: nicolae_shoals_dead_sea_scrolls
Shoals:4: shoals_end_grunt_ice, shoals_ilsuiw_ice, portal_ice_cave_entry_dragon,
          nicolae_shoals_hunting_party
Snake:1:  nicolae_alphabet_shops, spider_trap, st_stairs_3, grunt_megastairs_5
Snake:3:  uniq_bai_suzhen
Snake:4:  snake_pit, uniq_agnes, uniq_nikola, uniq_roxanne
Slime:2:  cheibrodos_slime_lost_civilization_4
Orc:2:    pf_orc_diabolical, serial_shops, shop_fountains
Elf:1:    serial_shops, shop, enter_trove_5, hangedman_elf_represent,
          uniq_donald
Elf:3:    minmay_elf_hall_x, tgw_sif, uniq_mara
Vaults:1: nicolae_vaults_big_angled_halls, nicolae_vaults_little_squares_3,
          nicolae_vaults_little_squares_2, v_misc_24,
          nicolae_vaults_twisting_passages, v_rooms_3,
          nicolae_vaults_network_barrier, nicolae_vaults_little_ls,
          serial_shops, shop
Vaults:2: nicolae_vaults_branching_niches, v_misc_16, v_misc_4,
          ontoclasm_vaults_loading_screen, vaults_mumra_minichess,
          hangedman_vaults_maws, v_misc_17, v_misc_24, v_misc_3,
          hangedman_vaults_trim, nicolae_vaults_network_square,
          minmay_crypt_entry_simple_round
Vaults:3: nicolae_vaults_network_s, v_misc_14, grunt_vaults_funnel, v_pattern_5,
          nicolae_vaults_rhombus_5, v_rooms_6, v_misc_16, hangedman_vaults_trim,
          st_hourglassy, serial_shops, bzr_entry_gold
Vaults:4: v_rooms_6, hangedman_vaults_impose, hangedman_vaults_river_flow,
          hangedman_vaults_maws, v_misc_5, hangedman_vaults_slice,
          vaults_mumra_minichess_inversion, v_misc_22, vaults_mumra_chevron_long
Depths:1: abyss_entry_crystal, hellmouth_3, grunt_decor_arrowhead,
          dk_noncrumbling_3, minislime_mu, uniq_asterion
Depths:2: pf_snail_temple, enter_ziggurat_f, hell_entry, rand_demon_pan_entry_1,
          cheibriados_altar_1
Depths:3: cheibrodos_quadrivalence, pan_entry, hangedman_abyss_entry_splay,
          hell_entry, hex_tiny, infiniplex_staircase_pillars_1
Depths:4: minmay_guarded_unrand_sceptre_of_torment, hell_entry,
          minmay_misc_feat_room, nicolae_abyss_entry_one_way_or_another,
          minmay_misc_feat_square, spider_trap, infiniplex_staircase_pool_1,
          uniq_jory, uniq_margery, uniq_mennas
Depths:5: grunt_zot_entry_gee_three, lemuel_statue_altar, grunt_mini_vestibule,
          uniq_boris
Zot:1:    grunt_megastairs_3
Zot:3:    lemuel_draconian_sentries, grunt_ministairs_15
Zot:4:    grunt_deathspiral_small, lemuel_lake_of_fire
Abyss:2:  evilmike_abyss_exit_glass
Abyss:3:  evilmike_abyss_exit_4, minivault_24, evilmike_abyss_rune_ettins,
          evilmike_abyss_exit_6, hangedman_abyss_or_decor_slice
Lab:      labyrinth_hidden_loot, nicolae_lab_grate, nicolae_lab_do_over,
          nicolae_lab_dead_end, nicolae_lab_garden, lab_fountain,
          nicolae_lab_statue, nicolae_lab_flowing_pool
Bazaar:   bazaar_kb_twisted_cavern

Skill      XL: |  1  2  3  4  5  6  7  8  9 10 11 12 13 14 15 16 17 18 19 20 21 22 23 24 25 26 |
---------------+-------------------------------------------------------------------------------+-----
Maces & Flails | 4 5 6 7 9 10 12 14 15 16 | 16.0
Fighting       | 4 5 7 8 9 10 11 13 14 15 16 17 18 19 20 21 22 23 24 26 27 | 27.0
Throwing       | 1 2 4 5 6 8 9 10 11 12 13 14 15 16 | 16.0
Shields        | 5 8 10 12 13 14 15 16 17 18 19 20 22 23 24 25 | 25.0
Armour         | 6 9 11 12 13 15 16 17 18 19 20 21 22 | 22.1
Evocations     | 3 5 6 8 10 11 12 13 | 13.7
Dodging        | 6 8 10 12 13 14 15 16 17 18 | 18.2

Action                   |  1- 3 |  4- 6 |  7- 9 | 10-12 | 13-15 | 16-18 | 19-21 | 22-24 | 25-27 || total
-------------------------+-------+-------+-------+-------+-------+-------+-------+-------+-------++-------
Melee: Mace              |    68 |    64 |       |       |       |       |       |       |       ||   132
       Headbutt          |     8 |    35 |    73 |   187 |   356 |   447 |   553 |   699 |   319 ||  2677
       Flail             |       |    94 |       |       |       |       |       |       |       ||    94
       Whip              |       |    17 |   379 |   811 |  1300 |  1500 |   215 |       |       ||  4222
       Demon whip        |       |       |       |       |       |       |   839 |       |       ||   839
       Eveningstar       |       |       |       |       |       |       |   585 |  1642 |   724 ||  2951
       Unarmed           |       |       |       |       |       |       |       |     7 |       ||     7
Throw: Javelin           |       |       |    24 |    95 |   165 |   255 |   142 |   190 |    12 ||   883
       Tomahawk          |       |       |       |    34 |    20 |    36 |       |       |       ||    90
       Throwing net      |       |       |       |       |       |     1 |    11 |       |       ||    12
Invok: Trog's Hand       |       |     1 |     6 |     8 |    13 |    14 |    24 |    21 |     8 ||    95
       Berserk           |       |       |     2 |     9 |    24 |    17 |    23 |    17 |     7 ||    99
       Brothers in Arms  |       |       |       |     1 |       |     3 |     5 |    11 |     2 ||    22
 Abil: Evoke Blink       |       |       |       |       |       |     4 |       |       |       ||     4
       Evoke Invisibilit |       |       |       |       |       |     1 |       |       |       ||     1
Evoke: Phial of floods   |       |       |       |     1 |       |     4 |     1 |     2 |       ||     8
       Wand              |       |       |       |       |       |    79 |     1 |       |    19 ||    99
       Sack of spiders   |       |       |       |       |       |     5 |       |       |       ||     5
       Box of beasts     |       |       |       |       |       |    10 |       |       |       ||    10
       Lightning rod     |       |       |       |       |       |     6 |       |       |       ||     6
       Fan of gales      |       |       |       |       |       |     1 |       |       |       ||     1
       Lamp of fire      |       |       |       |       |       |     1 |       |       |       ||     1
       Phantom mirror    |       |       |       |       |       |       |       |     1 |       ||     1
  Use: Scroll            |       |     6 |     5 |    26 |    12 |    17 |    24 |    13 |     6 ||   109
       Potion            |       |       |     2 |    11 |     4 |    14 |    11 |    35 |     7 ||    84
 Stab: Confused          |       |       |       |     1 |       |       |       |       |       ||     1
       Paralysed         |       |       |       |       |       |     3 |       |       |       ||     3
       Invisible         |       |       |       |       |       |     1 |       |     2 |       ||     3
       Distracted        |       |       |       |       |       |       |       |     3 |     1 ||     4
       Petrifying        |       |       |       |       |       |       |       |     1 |       ||     1
  Eat: Chunk             |     1 |     8 |    14 |    22 |    29 |    30 |    34 |    63 |    32 ||   233
       Ration            |       |       |       |     3 |     9 |    10 |    10 |     5 |     1 ||    38
Armor: Chain mail        |     3 |       |       |       |   281 |   585 |   510 |   422 |   209 ||  2010
       Crystal plate arm |    35 |   144 |   242 |   400 |   165 |       |       |       |       ||   986
       Leather armour    |       |       |       |       |     1 |       |       |       |       ||     1
       Skin              |       |       |       |       |       |       |       |     2 |       ||     2
Dodge: Dodged            |    22 |    19 |    91 |    71 |   185 |   470 |   447 |   604 |   318 ||  2227
Block: Other             |       |     1 |       |       |       |       |       |       |       ||     1
       Shield            |       |       |       |   179 |   405 |       |       |       |       ||   584
       Buckler           |       |       |       |       |    73 |   479 |   196 |       |       ||   748
       Large shield      |       |       |       |       |       |       |   867 |  1722 |   873 ||  3462
       Rpst.: Eveningstar |       |       |       |       |       |       |    11 |    86 |    27 ||   124

Table legend:
 A = Spawn XP
 B = Non-spawn XP
 C = Spawn XP percentage of total XP
 D = Spawn monster count
 E = Non-spawn monster count
 F = Spawn count percentage of total count
 G = Total turns spent on level
                    A         B        C        D         E        F      G
               +---------+---------+-------+---------+---------+-------+---------
         Total |   49865 | 1325922 |   3.6 |      85 |    2195 |   3.7 | 63745
               +---------+---------+-------+---------+---------+-------+---------
           D:1 |       0 |      32 |   0.0 |       0 |      19 |   0.0 |  1062
           D:2 |       0 |     102 |   0.0 |       0 |      19 |   0.0 |   774
           D:3 |       0 |     154 |   0.0 |       0 |      28 |   0.0 |   657
           D:4 |       0 |     538 |   0.0 |       0 |      31 |   0.0 |  1249
           D:5 |       0 |     435 |   0.0 |       0 |      16 |   0.0 |   583
           D:6 |       0 |    1175 |   0.0 |       0 |      19 |   0.0 |   535
           D:7 |       0 |     821 |   0.0 |       0 |      26 |   0.0 |   568
           D:8 |       0 |    2243 |   0.0 |       0 |      45 |   0.0 |  1187
           D:9 |       0 |    3985 |   0.0 |       0 |      37 |   0.0 |  1595
          D:10 |       0 |    6108 |   0.0 |       0 |      60 |   0.0 |  1541
          D:11 |       0 |    2390 |   0.0 |       0 |      25 |   0.0 |  1287
          D:12 |       0 |    4152 |   0.0 |       0 |      32 |   0.0 |  1041
          D:13 |       0 |   12633 |   0.0 |       0 |      47 |   0.0 |  1580
          D:14 |       0 |   13445 |   0.0 |       0 |      49 |   0.0 |  1252
          D:15 |       0 |   18590 |   0.0 |       0 |      34 |   0.0 |  1641
        Lair:1 |       0 |    6678 |   0.0 |       0 |      28 |   0.0 |  1134
        Lair:2 |       0 |    5232 |   0.0 |       0 |      43 |   0.0 |  1260
        Lair:3 |       0 |    5786 |   0.0 |       0 |      27 |   0.0 |  1004
        Lair:4 |       0 |    6404 |   0.0 |       0 |      30 |   0.0 |   975
        Lair:5 |       0 |    7582 |   0.0 |       0 |      21 |   0.0 |  1033
        Lair:6 |       0 |   23428 |   0.0 |       0 |      86 |   0.0 |  1881
      Shoals:1 |       0 |   13030 |   0.0 |       0 |      28 |   0.0 |   792
      Shoals:2 |       0 |   10752 |   0.0 |       0 |      23 |   0.0 |   785
      Shoals:3 |       0 |   13402 |   0.0 |       0 |      31 |   0.0 |  1166
      Shoals:4 |       0 |   41452 |   0.0 |       0 |      77 |   0.0 |  1714
       Snake:1 |       0 |   13446 |   0.0 |       0 |      28 |   0.0 |   998
       Snake:2 |       0 |   15790 |   0.0 |       0 |      24 |   0.0 |   973
       Snake:3 |       0 |   22630 |   0.0 |       0 |      36 |   0.0 |  1428
       Snake:4 |       0 |   34574 |   0.0 |       0 |      60 |   0.0 |  1064
       Slime:1 |       0 |     962 |   0.0 |       0 |       2 |   0.0 |    41
       Slime:3 |       0 |     284 |   0.0 |       0 |       1 |   0.0 |    16
         Orc:1 |       0 |    5783 |   0.0 |       0 |      21 |   0.0 |   954
         Orc:2 |       0 |   17593 |   0.0 |       0 |      95 |   0.0 |  1224
         Elf:1 |       0 |   29304 |   0.0 |       0 |      37 |   0.0 |  1322
         Elf:2 |       0 |   48527 |   0.0 |       0 |      70 |   0.0 |  1611
         Elf:3 |       0 |   65790 |   0.0 |       0 |      59 |   0.0 |  1635
      Vaults:1 |       0 |   23696 |   0.0 |       0 |      39 |   0.0 |  2318
      Vaults:2 |    1076 |   64041 |   1.7 |       1 |      95 |   1.0 |  2374
      Vaults:3 |       0 |   44003 |   0.0 |       0 |      69 |   0.0 |  1220
      Vaults:4 |       0 |   70671 |   0.0 |       0 |      88 |   0.0 |  1292
      Vaults:5 |       0 |  114849 |   0.0 |       0 |      84 |   0.0 |  1741
      Depths:1 |       8 |   52662 |   0.0 |       1 |      96 |   1.0 |  1268
      Depths:2 |       0 |   71836 |   0.0 |       0 |      78 |   0.0 |  1549
      Depths:3 |       0 |   19982 |   0.0 |       0 |      25 |   0.0 |  1453
      Depths:4 |       0 |   58411 |   0.0 |       0 |      36 |   0.0 |  1378
      Depths:5 |       0 |   66274 |   0.0 |       0 |      53 |   0.0 |  2049
         Zot:1 |       0 |   56798 |   0.0 |       0 |      36 |   0.0 |  1326
         Zot:2 |       0 |   16407 |   0.0 |       0 |      13 |   0.0 |  1002
         Zot:3 |       0 |   68114 |   0.0 |       0 |      39 |   0.0 |  1285
         Zot:4 |       0 |   96732 |   0.0 |       0 |      45 |   0.0 |   997
       Abyss:1 |   19019 |    5670 |  77.0 |      17 |      15 |  53.1 |   256
       Abyss:2 |    8387 |    8011 |  51.1 |      12 |      14 |  46.2 |   385
       Abyss:3 |   21375 |   28854 |  42.6 |      54 |      49 |  52.4 |  1421
           Lab |       0 |    3679 |   0.0 |       0 |       7 |   0.0 |   777
               +---------+---------+-------+---------+---------+-------+---------
